 Dungeon Crawl Stone Soup version 0.21-a0-91-ga5031da (webtiles) character file.

7739 Murumi the Fighter (level 11, -9/71 HPs)
             Began as a Gargoyle Fighter on June 28, 2017.
             Was a Follower of Elyvilon.
             Mangled by BearDestroyer's ghost (20 damage)
             ... on level 1 of the Lair of Beasts.
             The game lasted 00:50:31 (10442 turns).

Murumi the Fighter (Gargoyle Fighter)              Turns: 10442, Time: 00:50:32

Health: -9/71      AC: 25    Str: 23    XL:     11   Next: 20%
Magic:  0/14       EV:  8    Int:  9    God:    Elyvilon [*.....]
Gold:   480        SH:  0    Dex:  9    Spells: 10/10 levels left

rFire    . . .     SeeInvis .   F - +0 great mace
rCold    . . .     Gourm    .   (shield currently unavailable)
rNeg     + . .     Faith    .   x - +0 plate armour
rPois    ∞         Spirit   +   (helmet restricted)
rElec    +         Reflect  .   (no cloak)
rCorr    .         Harm     .   L - +0 pair of gloves
MR       .....                  m - +1 pair of boots
Stlth    ..........             q - amulet of guardian spirit
HPRegen  0.21/turn              D - ring of stealth
MPRegen  0.14/turn              (no ring)

@: very slightly contaminated, invisible
A: hooves 1, horns 2, blurry vision 1, negative energy resistance 1, electricity
resistance, unbreathing, petrification resistance, rot immunity, sturdy frame 1,
AC +7
a: Lesser Healing, Divine Protection, Renounce Religion


You were on level 1 of the Lair of Beasts.
You worshipped Elyvilon.
Elyvilon was aware of your devotion.
You were not hungry.

You visited 3 branches of the dungeon, and saw 11 of its levels.
You also visited: Ossuary.

You collected 480 gold pieces.

Inventory:

Hand Weapons
 F - a +0 great mace (weapon)
 I - a +0 morningstar
Missiles
 h - 132 stones (quivered)
Armour
 c - a +0 shield
 m - a +1 pair of boots (worn)
 n - the +1 helmet "Qorufed" {rN+ Str+3 Dex+2}
   (You took it off Robin on level 3 of the Dungeon)

   It affects your strength (+3).
   It affects your dexterity (+2).
   It protects you from negative energy.
 x - a +0 plate armour (worn)
 L - a +0 pair of gloves (worn)
Jewellery
 q - an amulet of guardian spirit (around neck)
 D - a ring of stealth (left hand)
Wands
 d - a wand of polymorph (24/24)
 o - a wand of digging (9/24)
 u - a wand of iceblast (11/15)
 E - a wand of paralysis (5/24)
 H - a wand of iceblast (9/15)
Scrolls
 a - a scroll of enchant weapon {unknown}
 i - 7 scrolls of teleportation
 j - 2 scrolls of magic mapping {unknown}
 k - 5 scrolls of remove curse
 r - 2 scrolls of recharging
 y - a scroll of fear
 C - a scroll of silence {unknown}
 G - a scroll of fog {unknown}
 J - a scroll of enchant armour
Potions
 b - 3 potions of flight
 l - 6 potions of curing
 s - 2 potions of heal wounds
 t - 3 potions of might
 v - 2 potions of haste
 w - a potion of brilliance {unknown}
 z - a potion of magic {unknown}
 A - a potion of agility {unknown}
 B - 2 potions of lignification {unknown}
 K - 2 potions of degeneration {unknown}
 M - 3 potions of resistance {unknown}
 N - a potion of experience {unknown}
Comestibles
 f - 10 bread rations
 g - 3 royal jellies
 p - 7 meat rations
 O - 2 fruits


   Skills:
 - Level 9.2 Fighting
 + Level 7.6 Maces & Flails
 - Level 3.3 Throwing
 - Level 9.0 Armour
 - Level 2.0 Dodging
 - Level 9.0 Shields
 - Level 5.1 Invocations
 - Level 3.0 Evocations


You had 10 spell levels left.
You didn't know any spells.

Dungeon Overview and Level Annotations

Branches:
Dungeon (9/15)             Temple (1/1) D:7            Lair (1/6) D:9
    Orc (0/2) D:9

Altars:
Ashenzari
Cheibriados
Dithmenos
Elyvilon
Fedhas
Gozag
Hepliaklqana
Kikubaaqudgha
Makhleb
Nemelex Xobeh
Okawaru
Qazlal
Ru
Sif Muna
Trog
Uskayaw
Vehumet
Wu Jian
Xom
Yredelemnul
Zin
The Shining One

Shops:
D:9 [(

Annotations:
Lair:1 BearDestroyer's ghost, journeyman TrBe


Innate Abilities, Weirdness & Mutations

You are resistant to torment.
Your stone body is resilient. (AC +7)
You are immune to poison.
You resist negative energy. (rN+)
You are resistant to electric shocks. (rElec)
You can survive without breathing.
You are immune to petrification.
You are immune to rotting.
You have large cloven feet.
You have a pair of horns on your head.
Scrolls take you a little longer to read.
Your movements are slightly less encumbered by armour. (ER -2)


Message History

BearDestroyer's ghost hits you but does no damage.
You sock BearDestroyer's ghost! You headbutt BearDestroyer's ghost!
BearDestroyer's ghost is heavily damaged.
BearDestroyer's ghost hits you.
You hit BearDestroyer's ghost. You headbutt BearDestroyer's ghost!
BearDestroyer's ghost is severely damaged.
BearDestroyer's ghost hits you but does no damage.
BearDestroyer's ghost hits you!
Your plate armour prevents you from hitting BearDestroyer's ghost.
BearDestroyer's ghost is heavily damaged.
BearDestroyer's ghost hits you!!
* * * LOW HITPOINT WARNING * * *
You closely miss BearDestroyer's ghost.
BearDestroyer's ghost is heavily damaged.
BearDestroyer's ghost hits you!! Elyvilon protects you from harm!
You bludgeon BearDestroyer's ghost!!
BearDestroyer's ghost is almost destroyed.
BearDestroyer's ghost hits you!!
You die...

... ... ..
.. '### ..#
#W# ##@###
####.+#.#
##.......#
#........#
##...†...#
#...<...###
#...........
#.......####
#..######


You could see BearDestroyer's ghost.

Vanquished Creatures
  A two-headed ogre (D:8)
  A gargoyle (D:8)
  Joseph (D:9)
  Grinder (D:4)
  3 slime creatures (D:8)
  A hippogriff (D:8)
  A spriggan (D:7)
  A wyvern (D:8)
  2 hungry ghosts (D:7)
  Menkaure (D:6)
  2 orc warriors
  2 sky beasts
  4 ice beasts
  A phantom (D:7)
  A black bear (D:7)
  2 ogres (D:4)
  2 centaurs
  A crocodile (Lair:1)
  4 big kobolds (D:8)
  7 bullfrogs
  A wyvern zombie (Ossuary)
  3 scorpions
  2 vampire bats (D:6)
  8 wights
  4 centaur zombies
  3 crimson imps
  5 hounds
  7 bullfrog zombies
  5 orc priests
  8 jellies
  A quasit (D:6)
  4 iguanas
  A centaur skeleton (D:7)
  3 bullfrog skeletons
  11 orc wizards
  5 worker ants
  2 hound zombies
  A howler monkey zombie (Ossuary)
  Robin (D:3)
  15 mummies (Ossuary)
  4 worker ant zombies (Ossuary)
  3 adders
  7 gnolls
  A shadow imp (D:7)
  4 oozes (D:8)
  3 adder zombies (Ossuary)
  3 adder skeletons
  4 worms
  2 dart slugs
  4 leopard geckos
  37 orcs
  2 ball pythons
  10 bats
  4 bat skeletons (D:6)
  3 bat zombies (D:6)
  A giant cockroach (D:1)
  12 goblins
  11 hobgoblins
  8 jackals
  2 quokkas
  2 frilled lizards
  A jackal zombie (Ossuary)
  5 kobolds
  A leopard gecko skeleton (D:8)
  A quokka skeleton (D:5)
  8 rats
272 creatures vanquished.

Vanquished Creatures (others)
  6 fungi (D:8)
  7 toadstools (D:8)
13 creatures vanquished.

Grand Total: 285 creatures vanquished

Notes
Turn   | Place    | Note
-------+----------+-------------------------------------------
     0 | D:1      | Murumi the Gargoyle Fighter began the quest for the Orb.
     0 | D:1      | Reached XP level 1. HP: 14/14 MP: 1/1
   121 | D:1      | Reached skill level 1 in Dodging
   255 | D:1      | Reached XP level 2. HP: 14/19 MP: 2/2
   866 | D:1      | Reached XP level 3. HP: 23/23 MP: 3/3
  1372 | D:2      | Reached skill level 1 in Throwing
  2136 | D:3      | Reached XP level 4. HP: 25/30 MP: 4/4
  2350 | D:3      | Found an iron altar of Okawaru.
  2377 | D:3      | Found an ornate altar of the Wu Jian Council.
  2558 | D:3      | Found a glowing silver altar of Zin.
  2619 | D:3      | Noticed Robin
  2633 | D:3      | Killed Robin
  2633 | D:3      | Reached XP level 5. HP: 34/34 MP: 5/5
  2636 | D:3      | Got a smoking helmet
  2642 | D:3      | Identified the +1 helmet "Qorufed" {rN+ Str+3 Dex+2} (You took it off Robin on level 3 of the Dungeon)
  2824 | D:3      | Found a burning altar of Makhleb.
  3036 | D:4      | Noticed an ogre
  3159 | D:4      | Found a snail-covered altar of Cheibriados.
  3173 | D:4      | Killed an ogre
  3476 | D:4      | Noticed Grinder
  3495 | D:4      | Paralysed by Grinder for 3 turns
  3518 | D:4      | Paralysed by Grinder for 6 turns
  3524 | D:4      | Killed Grinder
  3524 | D:4      | Reached XP level 6. HP: 19/39 MP: 6/6
  3782 | D:4      | Reached XP level 7. HP: 14/44 MP: 7/7
  4242 | D:4      | Found a sacrificial altar of Ru.
  4422 | D:5      | Entered Level 5 of the Dungeon
  4436 | D:4      | Reached skill level 1 in Evocations
  4477 | D:5      | Found a hazy altar of Hepliaklqana.
  4888 | D:5      | Reached skill level 5 in Fighting
  4888 | D:5      | Reached XP level 8. HP: 45/49 MP: 9/9
  5033 | D:5      | Found a shimmering altar of Xom.
  5181 | D:5      | Gained mutation: You are frail. (-10% HP) [potion of mutation]
  5181 | D:5      | Gained mutation: Your spells are a little easier to cast, but a little less powerful. [potion of mutation]
  5181 | D:5      | Gained mutation: You are somewhat resistant to further mutation. [potion of mutation]
  5181 | D:5      | Gained mutation: Your large and strong wings let you fly indefinitely. [potion of mutation]
  5182 | D:5      | Lost mutation: You are frail. (-10% HP) [potion of mutation]
  5182 | D:5      | Lost mutation: Your spells are a little easier to cast, but a little less powerful. [potion of mutation]
  5182 | D:5      | Lost mutation: You are somewhat resistant to further mutation. [potion of mutation]
  5182 | D:5      | Gained mutation: Your muscles are strong. (Str +2) [potion of mutation]
  5182 | D:5      | Gained mutation: You are somewhat resistant to further mutation. [potion of mutation]
  5270 | D:5      | Reached skill level 5 in Armour
  5385 | D:6      | Noticed Menkaure
  5392 | D:6      | Killed Menkaure
  5623 | D:6      | Found an opulent altar of Gozag.
  5817 | D:6      | Found an ancient bone altar of Kikubaaqudgha.
  5934 | D:6      | Reached skill level 5 in Maces & Flails
  5938 | D:6      | Lost mutation: Your large and strong wings let you fly indefinitely. [potion of mutation]
  5938 | D:6      | Lost mutation: Your muscles are strong. (Str +2) [potion of mutation]
  5938 | D:6      | Gained mutation: You expend magic power (3 MP) to strengthen your wands. [potion of mutation]
  5938 | D:6      | Gained mutation: Your muscles are strong. (Str +2) [potion of mutation]
  5938 | D:6      | Gained mutation: Your movements are slightly less encumbered by armour. (ER -2) [potion of mutation]
  6174 | D:6      | Reached XP level 9. HP: 53/57 MP: 10/10
  6509 | D:7      | Found a sand-covered staircase.
  6514 | Ossuary  | Entered an ossuary
  7841 | D:7      | Found a staircase to the Ecumenical Temple.
  7847 | Temple   | Entered the Ecumenical Temple
  8035 | Temple   | Became a worshipper of Elyvilon the Healer
  8158 | D:7      | Reached XP level 10. HP: 64/64 MP: 11/11
  8257 | D:7      | Reached skill level 1 in Invocations
  8691 | D:8      | Noticed a two-headed ogre
  8702 | D:8      | Killed a two-headed ogre
  8702 | D:8      | Reached skill level 5 in Invocations
  9095 | D:8      | Reached * piety under Elyvilon
  9299 | D:8      | Noticed a gargoyle
  9310 | D:8      | Killed a gargoyle
  9378 | D:8      | Found a stormy altar of Qazlal.
  9511 | D:8      | Reached XP level 11. HP: 52/71 MP: 11/14
  9766 | D:9      | Found a shattered altar of Ashenzari.
  9840 | D:9      | Found a staircase to the Lair.
 10037 | D:9      | Lost mutation: Your muscles are strong. (Str +2) [potion of mutation]
 10037 | D:9      | Lost mutation: You expend magic power (3 MP) to strengthen your wands. [potion of mutation]
 10037 | D:9      | Lost mutation: You are somewhat resistant to further mutation. [potion of mutation]
 10037 | D:9      | Gained mutation: You have a pair of small horns on your head. [potion of mutation]
 10037 | D:9      | Gained mutation: You have a pair of horns on your head. [potion of mutation]
 10037 | D:9      | Gained mutation: Scrolls take you a little longer to read. [potion of mutation]
 10037 | D:9      | Gained mutation: You have large cloven feet. [potion of mutation]
 10050 | D:9      | Noticed Joseph
 10066 | D:9      | Killed Joseph
 10193 | D:9      | Found Aduik's Armour Boutique.
 10198 | D:9      | Found a bloodstained altar of Trog.
 10203 | D:9      | Found Plog's Antique Weapon Emporium.
 10346 | D:9      | Found a staircase to the Orcish Mines.
 10367 | D:9      | Found a hide-covered altar of Uskayaw.
 10412 | Lair:1   | Entered Level 1 of the Lair of Beasts
 10428 | Lair:1   | Noticed BearDestroyer's ghost (journeyman TrBe)
 10441 | Lair:1   | Elyvilon protects you from harm!
 10442 | Lair:1   | Mangled by BearDestroyer's ghost

Vault maps used:
D:1:      eino_arrival_druids_welcome, minmay_door_square,
          minmay_misc_feat_enclosed, roderic_serpentine_path
D:3:      old_standard_altar, lemuel_crystal_altar, lightli_temple_of_fire,
          lemuel_round_altar, first_bread, uniq_robin
D:4:      overflow_temple_1_default, hangedman_ru_absence,
          hangedman_abyss_or_decor_lesser_grid, uniq_grinder
D:5:      old_standard_altar, overflow_temple_1_default
D:6:      kennysheep_vampire_church, minivault_1, grunt_gozag_breadcrumbs,
          uniq_menkaure
D:7:      minmay_temple_entry_fiery, lightli_ossuary_entry_decrepit_ruins,
          the_bakery
D:8:      cheibrodos_fertilizer, nicolae_qazlal_style_of_elements
D:9:      eat_drink_and_be_merry_uskayaw, overflow_temple_1_default,
          lair_entry_dummy, basic_altar, serial_shops, nicolae_shop_waterfront,
          nicolae_shop_crystal, uniq_joseph
Temple:   dpeg_chambers_temple
Lair:1:   lemuel_fruit_fields
Ossuary:  ossuary_zaba_flooded

Skill      XL: |  1  2  3  4  5  6  7  8  9 10 11 |
---------------+----------------------------------+-----
Dodging        | 1 2 |  2.0
Maces & Flails | 3 4 5 6 7 |  7.6
Throwing       | 1 2 3 |  3.3
Fighting       | 4 5 7 8 9 |  9.2
Armour         | 4 6 8 9 |  9.0
Shields        | 6 7 8 9 |  9.0
Evocations     | 2 3 |  3.0
Invocations    | 5 |  5.1

Action                   |  1- 3 |  4- 6 |  7- 9 | 10-12 || total
-------------------------+-------+-------+-------+-------++-------
Melee: Flail             |   153 |   127 |   498 |       ||   778
       Great mace        |       |       |    25 |   356 ||   381
       Headbutt          |       |       |       |     9 ||     9
Throw: Stone             |    66 |    38 |   193 |    98 ||   395
  Use: Scroll            |     4 |       |    13 |       ||    17
       Potion            |     1 |     1 |     3 |     3 ||     8
 Stab: Invisible         |       |       |       |     1 ||     1
  Eat: Chunk             |     4 |     5 |    12 |     6 ||    27
       Fruit             |       |       |     4 |       ||     4
       Meat ration       |       |       |     1 |       ||     1
       Bread ration      |       |       |     1 |       ||     1
       Royal jelly       |       |       |     1 |       ||     1
Armor: Chain mail        |   112 |    96 |   101 |       ||   309
       Scale mail        |     1 |       |       |       ||     1
       Plate armour      |       |       |   290 |   365 ||   655
Dodge: Dodged            |    46 |    37 |   235 |   177 ||   495
